Map: 2000 Atmospheres LE

Players

uThermal - Winner!

  • Race: Terran Terran

PtitDrogo

  • Race: Protoss Protoss

Event: DreamHack SC2 Masters 2021 Fall

VOD

Have the link to the VOD?

Description

Time

  • Played on: Aug. 4, 2021, 12:24 p.m.
  • Length: 10:07

All games in this series

Show
View Real Time Build Order
Export as new Build Order

uThermal Terran - Winner!

Build Orders:  

Get SALT Encoding   

  12  0:00  SCV  
  13  0:12  SCV  
  14  0:16  Supply Depot  
  14  0:24  SCV  
  15  0:38  SCV  
  15  0:39  Barracks  
  15  0:42  Refinery  
  16  0:50  SCV  
  16  0:52  Refinery  
  17  1:02  SCV  
  18  1:14  SCV  
  19  1:26  Reaper, Orbital Command  
  19  1:27  Supply Depot  
  20  1:40  Factory  
  20  1:52  SCV  
  21  1:58  Reaper  
  22  2:04  SCV  
  23  2:16  SCV  
  23  2:21  Command Center  
  24  2:27  Hellion  
  24  2:28  SCV  
  27  2:32  Barracks Reactor  
  27  2:40  SCV  
  27  2:42  Starport  
  28  2:49  Supply Depot  
  28  2:52  Widow Mine  
  28  2:54  SCV  
  31  3:10  Marine x2, SCV  
  34  3:14  Widow Mine  
  36  3:21  Medivac  
  36  3:22  SCV  
  39  3:32  Marine x2  
  41  3:34  SCV  
  41  3:35  Orbital Command  
  41  3:39  Factory Tech Lab  
  42  3:47  SCV  
  43  3:50  Marine x2  
  43  3:52  Bunker  
  45  3:59  SCV, Barracks  
  45  4:01  SCV  
  45  4:02  Raven  
  49  4:03  Factory Tech Lab  
  49  4:08  Marine  
  50  4:10  Marine, Supply Depot  
  50  4:12  SCV  
  50  4:14  SCV  
  53  4:20  Barracks  
  53  4:24  SCV  
  54  4:31  Siege Tank  
  54  4:33  SCV  
  54  4:35  Marine, Supply Depot  
  54  4:36  Marine, SCV  
  61  4:43  Engineering Bay  
  61  4:45  SCV  
  61  4:51  Refinery  
  62  4:53  Supply Depot  
  62  4:54  Stimpack  
  62  4:56  Starport Reactor  
  62  4:57  Marine, SCV  
  62  4:58  Marine x2  
  66  5:01  SCV  
  67  5:10  SCV  
  67  5:11  Factory Reactor, Terran Infantry Weapons Level 1  
  67  5:13  SCV  
  69  5:15  Marine x2, Supply Depot  
  69  5:17  Marine  
  69  5:18  Marine  
  73  5:23  SCV  
  73  5:24  Combat Shield  
  73  5:25  Refinery  
  74  5:33  Marauder x2  
  78  5:36  Supply Depot  
  78  5:37  Marine x2  
  78  5:40  SCV x2  
  82  5:46  Medivac  
  82  5:49  Supply Depot  
  84  5:52  Medivac  
  86  5:58  Marine x2, SCV x2  
  86  5:59  Marauder  
  86  6:00  Supply Depot  
  86  6:01  Marauder  
  98  6:11  Supply Depot, Widow Mine x2  
  98  6:16  Marine x2  
  100  6:20  Medivac, Marauder  
  100  6:22  Marine  
  103  6:28  Supply Depot, Medivac  
  109  6:33  Marine, Widow Mine x2  
  109  6:34  Marine  
  109  6:36  Supply Depot  
  109  6:37  Concussive Shells  
  111  6:40  Marine  
  111  6:43  Marauder  
  114  6:51  Marine, Supply Depot  
  114  6:52  Medivac  
  121  6:54  Widow Mine x2  
  121  6:58  Medivac  
  121  6:59  Marine  
  121  7:00  Marauder  
  126  7:03  Marine  
  126  7:05  Supply Depot  
  127  7:09  Marine  
  128  7:18  Marine  
  128  7:21  Marauder  
  129  7:24  Widow Mine x2  
  129  7:27  Marine, Command Center  
  129  7:28  Marauder  
  134  7:34  Medivac  
  134  7:36  Marine  
  128  7:42  Marauder  
  125  7:45  Marine  
  125  7:49  Marauder  
  125  7:50  Widow Mine x2  
  107  7:58  Marine  
  107  7:59  SCV  
  107  8:04  Barracks, Marauder  
  107  8:05  SCV  
  112  8:06  Barracks  
  112  8:11  Marine, Marauder  
  113  8:18  Viking, SCV x2  
  109  8:25  Marauder  
  111  8:30  SCV  
  111  8:31  SCV  
  113  8:35  Viking  
  113  8:36  Marauder  
  113  8:40  Orbital Command  
  117  8:47  Marauder  
  117  8:48  SCV x2  
  120  8:51  Viking  
  120  8:54  Barracks Tech Lab  
  120  8:55  Barracks Tech Lab  
  122  8:57  Marauder  
  122  9:00  SCV x2  
  122  9:01  Marine  
  127  9:04  Marine  
  127  9:06  SCV  
  127  9:09  Marauder  
  131  9:10  Viking  
  131  9:12  SCV x2  
  131  9:14  Supply Depot  
  131  9:15  Marine  
  131  9:16  Marauder  
  138  9:18  Marine x2  
  138  9:22  Missile Turret  
  138  9:24  Missile Turret  
  140  9:31  Viking  
  142  9:32  Marine  
  142  9:33  Marauder  
  142  9:37  Marine  
  142  9:38  Marauder  
  131  9:41  Marine, Marauder  
Show
View Real Time Build Order
Export as new Build Order

PtitDrogo Protoss 

Build Orders: 1 Gate Expand, Blink Stalkers, Colossus Rush 

Get SALT Encoding   

  12  0:00  Probe  
  13  0:12  Probe  
  14  0:17  Pylon  
  14  0:24  Probe  
  15  0:36  Gateway  
  15  0:38  Probe (Chrono Boost)  
  16  0:47  Assimilator, Probe (Chrono Boost)  
  17  0:52  Probe (Chrono Boost)  
  18  1:05  Probe  
  19  1:17  Probe  
  20  1:22  Cybernetics Core  
  20  1:33  Nexus  
  20  1:40  Pylon  
  20  1:41  Probe  
  21  1:48  Assimilator  
  21  1:53  Probe  
  22  1:56  Adept (Chrono Boost)  
  24  2:05  Shield Battery  
  24  2:06  Probe  
  25  2:09  Warp Gate  
  25  2:17  Stalker (Chrono Boost)  
  25  2:18  Probe  
  28  2:30  Probe  
  28  2:35  Twilight Council  
  29  2:46  Gateway  
  29  2:50  Probe (Chrono Boost)  
  31  2:53  Probe (Chrono Boost)  
  31  2:58  Stalker  
  31  3:01  Probe (Chrono Boost)  
  31  3:02  Probe (Chrono Boost)  
  35  3:06  Blink (Chrono Boost)  
  35  3:12  Probe  
  36  3:14  Probe  
  37  3:24  Probe  
  37  3:26  Probe  
  39  3:29  Pylon  
  39  3:31  Robotics Facility  
  39  3:36  Probe  
  39  3:38  Probe  
  41  3:48  Probe  
  41  3:49  Pylon  
  41  3:50  Probe  
  43  3:56  Stalker  
  43  3:57  Stalker  
  43  4:00  Probe  
  48  4:03  Probe  
  49  4:12  Probe  
  49  4:16  Nexus  
  50  4:18  Observer  
  50  4:19  Probe  
  50  4:20  Stalker  
  54  4:24  Stalker  
  54  4:26  Probe  
  57  4:31  Probe  
  57  4:32  Pylon  
  58  4:39  Assimilator  
  58  4:40  Observer  
  58  4:41  Assimilator, Pylon, Probe  
  61  4:45  Probe  
  61  4:53  Probe  
  61  4:55  Pylon  
  61  4:57  Probe  
  63  5:05  Robotics Bay, Probe  
  64  5:07  Gateway x2  
  64  5:10  Probe  
  65  5:17  Probe  
  66  5:22  Probe  
  67  5:29  Probe (Chrono Boost)  
  67  5:31  Sentry  
  67  5:32  Probe (Chrono Boost)  
  67  5:34  Charge (Chrono Boost)  
  72  5:35  Shield Battery  
  72  5:39  Gateway x2, Probe (Chrono Boost)  
  72  5:41  Probe (Chrono Boost)  
  74  5:45  Probe (Chrono Boost)  
  74  5:46  Probe (Chrono Boost)  
  74  5:47  Probe (Chrono Boost)  
  76  5:51  Colossus (Chrono Boost)  
  76  5:53  Probe  
  76  5:56  Extended Thermal Lance  
  84  5:58  Probe  
  85  6:04  Shield Battery, Zealot  
  85  6:05  Probe  
  85  6:09  Sentry, Gateway  
  85  6:10  Gateway  
  89  6:15  Shield Battery  
  89  6:17  Pylon  
  89  6:26  Pylon  
  89  6:27  Zealot x2  
  89  6:32  Colossus (Chrono Boost)  
  93  6:34  Zealot  
  93  6:38  Sentry  
  93  6:39  Zealot x2  
  107  6:46  Pylon  
  107  6:56  Zealot x3  
  113  7:01  Templar Archives, Zealot x2  
  113  7:03  Pylon  
  113  7:04  Assimilator, Pylon x2  
  113  7:05  Pylon  
  113  7:08  Assimilator  
  117  7:12  Zealot x3  
  117  7:24  Probe  
  117  7:29  Stalker x5  
  126  7:35  Probe  
  105  7:38  Zealot x3  
  105  7:42  Probe  
  110  7:45  Shield Battery  
  93  7:58  Stalker x5  
  89  8:06  Zealot  
  89  8:08  Probe  
  82  8:15  Warp Prism (Chrono Boost)  
  79  8:20  Probe  
  81  8:34  Probe x3  
  83  8:41  Zealot x4  
  83  8:46  Probe x2  
  93  8:52  High Templar x2, Zealot x2  
  93  8:55  Probe  
  102  8:57  Archon  
  102  8:58  Probe x2  
  104  9:10  Zealot x4  
  104  9:13  High Templar  
  104  9:14  High Templar  
  116  9:17  Archon  
  110  9:37  Zealot x6  
  77  9:47  Zealot x2  
  73  9:59  Stalker x6  

Tags
 
Add a new tag
Caveats
  • Supply blocks, unpowered buildings, or Contaminate may cause inaccurate times.
  • Supply counts are checked every 10 seconds.